 Seeded DCSS version 0.29.1-13-g9f3cf754e1 (webtiles) character file.

Game seed: 16245865983455551772 (custom seed)

11 OTABOTABOTAB the Insei (level 2, 11/18 HPs)
             Began as an Octopode Transmuter on Jan 27, 2023.
             Quit the game on level 1 of the Dungeon.
             The game lasted 00:00:48 (404 turns).

OTABOTABOTAB the Insei (Octopode Transmuter)         Turns: 404, Time: 00:00:49

Health: 11/18      AC:  1    Str: 13    XL:     2   Next: 25%
Magic:  5/5        EV: 13    Int: 15    God:
Gold:   1100       SH:  0    Dex: 12    Spells: 4/5 levels left

rFire   . . .      SeeInvis .   a - +8 arc blade {discharge, rElec}
rCold   . . .      Faith    .   (no shield)
rNeg    . . .      Spirit   .   (helmet restricted)
rPois   +          Reflect  .   (no amulet)
rElec   +          Harm     .   b - ring "Feicot" {rPois Str+4}
rCorr   .          Rampage  .   (no ring)
Will    .....                   (no ring)
Stlth   ++........              (no ring)
HPRegen 0.06/turn               (no ring)
MPRegen 0.09/turn               (no ring)
                                (no ring)
                                (no ring)

@: no status effects
A: almost no armour, amphibious, 8 rings, camouflage 1, gelatinous body 1,
(nimble swimmer 1), tentacles
a: no special abilities


You were on level 1 of the Dungeon.
You visited 1 branch of the dungeon, and saw 1 of its levels.

You collected 1100 gold pieces.

Inventory:

Hand Weapons
 a - the +8 arc blade (weapon) {discharge, rElec}
   (You acquired it on level 1 of the Dungeon)

   It occasionally unleashes powerful arcs of lightning upon striking a foe.
   These may arc to other adjacent creatures (including the wielder, but dealing
   reduced damage to them) before grounding out.
   rElec:     It insulates you from electricity.
Missiles
 d - 2 poisoned darts
 s - 3 stones
Jewellery
 b - the ring "Feicot" (left tentacle) {rPois Str+4}
   (You acquired it on level 1 of the Dungeon)

   [ring of poison resistance]

   Str:       It affects your strength (+4).
   rPois:     It protects you from poison.
Potions
 c - 2 potions of flight {unknown}
 P - a potion of lignification {!q}


   Skills:
 + Level 1.2 Fighting
 + Level 2.2 Dodging
 + Level 3.1 Unarmed Combat
 + Level 2.1 Spellcasting
 + Level 2.1 Transmutations


You had 4 spell levels left.
You knew the following spells:

 Your Spells              Type           Power      Damage    Failure   Level
a - Beastly Appendage     Tmut           16%        N/A       9%          1

Your spell library contained the following spells:

 Spells                   Type           Power      Damage    Failure   Level
 Wereblood                Tmut           8%         N/A       14%         2
 Spider Form              Tmut/Pois      4%         N/A       38%         3
 Ice Form                 Ice/Tmut       4%         N/A       80%         4


Dungeon Overview and Level Annotations

Branches:
Dungeon (1/15)

Altars:


Innate Abilities, Weirdness & Mutations

You cannot wear most types of armour.
You are amphibious.
You can wear up to eight rings at the same time.
Your skin changes colour to match your surroundings (Stealth+).
Your rubbery body absorbs attacks. (AC +1, EV +1)
((You are camouflaged when in or above water. (Stealth+)))
You have tentacles for arms and can constrict up to eight enemies at once.


Message History

The goblin misses you.
You tentacle-slap the goblin.
You kill the goblin!
No target in view!
Unknown command.
Your tentacle spike disappears.
An endoplasm comes into view.
Health restored: 13; MP restored: 3 An endoplasm is nearby!
The endoplasm quivers.
One of your tentacles grows a vicious spike.
You now have 2/3 mp.
The endoplasm barely misses you.
You tentacle-slap the endoplasm. You squeeze the endoplasm.
You kill the endoplasm!
Unknown command.
No target in view!
No target in view!
Your tentacle spike disappears.
a - 3 scrolls labelled WAC GOIFOFITOUPLEC MP restored: 3 This is a scroll of acquirement!
Something appears before you! Something appears before you!
Something appears before you!
a - the +8 arc blade {discharge, rElec};
b - the ring "Feicot" {rPois Str+4} You now have 1090 gold pieces.
The arc blade crackles to life.
a - the +8 arc blade (weapon)
{discharge, rElec}
Okay, then.
You feel stronger.
b - the ring "Feicot" (left tentacle) {rPois Str+4}
s - 6 stones (quivered)
A ball python comes into view.
A ball python is nearby!
You throw a stone.
The stone hits the ball python but does no damage.
The ball python hisses angrily.
You throw a stone.
The stone hits the ball python but does no damage.
You throw a stone.
The stone closely misses the ball python.
You puncture the ball python!
The arc blade crackles.
A blue arc grounds itself harmlessly.
You kill the ball python!
No target in view!
Clearing quiver.
You now have 1100 gold pieces (gained 10).
c - 2 cyan potions
Found a faded altar of an unknown god.
There is a faded altar of an unknown god here.
You open the door.
A rat and an endoplasm come into view.
There are monsters nearby!
There is an open door here.
The helpless endoplasm fails to defend itself.
You puncture the endoplasm!
You kill the endoplasm!
You have reached level 2!
Health restored: 18; MP restored: 5 You puncture the rat!
You kill the rat!
No target in view!
You see here a rat corpse.
You open the door.
There is an open door here.
A frilled lizard comes into view.
The frilled lizard hisses angrily.
A frilled lizard is nearby!
A ball python comes into view.
You see here 2 poisoned darts.
The frilled lizard bites you but does no damage.
You closely miss the frilled lizard. Your grab misses the frilled lizard.
Your squeeze misses the frilled lizard. The frilled lizard barely misses you.
You puncture the frilled lizard!
You kill the frilled lizard!
You puncture the ball python!
You kill the ball python!
No target in view!
d - 2 poisoned darts A quokka comes into view.
A quokka is nearby!
The quokka bites you. x2
You take 5 damage, and have 13/18 hp.
MASSIVE DAMAGE!!
You closely miss the quokka. Your grab misses the quokka.
The quokka closely misses you.
You closely miss the quokka. Your grab misses the quokka.
The quokka barely misses you.
You closely miss the quokka. Your grab misses the quokka.
Your squeeze misses the quokka. The quokka bites you.
The quokka barely misses you.
You take 1 damage, and have 12/18 hp.
You barely miss the quokka. Your grab misses the quokka. The quokka bites you.
You take 1 damage, and have 11/18 hp.
You puncture the quokka!
You kill the quokka!
No target in view!
No target in view!
Unknown command.

###.# ..#.# #.#.# #
#.#.# #.##### #.#.#
.....##.#.#######
#..............#
#.##...##..........
#.....†@......###..
###########.#.#
#.#.# #.#.# #+#.. #


There were no monsters in sight!

Vanquished Creatures
  2 ball pythons (D:1)
  2 endoplasms (D:1)
  A goblin (D:1)
  2 quokkas (D:1)
  A frilled lizard (D:1)
  A rat (D:1)
9 creatures vanquished.

Notes
Turn   | Place    | Note
-------+----------+-------------------------------------------
     0 | D:1      | OTABOTABOTAB the Octopode Transmuter began the quest for
                  | the Orb.
     0 | D:1      | Reached XP level 1. HP: 13/13 MP: 3/3
   178 | D:1      | Identified 3 scrolls of acquirement
   178 | D:1      | Acquired the ring "Feicot" {rPois Str+4}
   179 | D:1      | Acquired 1090 gold pieces
   180 | D:1      | Acquired the +8 arc blade {discharge, rElec}
   180 | D:1      | Found the +8 arc blade {discharge, rElec}
   269 | D:1      | Found a faded altar of an unknown god.
   292 | D:1      | Reached XP level 2. HP: 18/18 MP: 5/5
   404 | D:1      | Quit the game

Illustrated notes

Levels and vault maps discovered:
D:1:      minmay_arrival_hallway, layout_loops_corners, basic_ecumenical_altar,
          minmay_unequal

Action                   || total
-------------------------++-------
Melee: Unarmed           ||     5
       Rapier            ||    11
       Tentacles         ||     2
       Constrict         ||     1
       Kick              ||     1
Throw: Stone             ||     3
 Cast: Beastly Appendage ||     2
 Abil: End Transformatio ||     1
  Use: Scroll            ||     3
 Stab: Sleeping          ||     1
Armor: Skin              ||     1
Dodge: Dodged            ||     8

Table legend: (Time is in decaauts)
 A = Elapsed time spent in this place.
 B = Non-inter-level travel time spent in this place.
 C = Inter-level travel time spent in this place.
 D = Time resting spent in this place.
 E = Time spent auto-exploring this place.
 F = Levels seen in this place.
 G = Mean time per level.
                   A        B        C        D        E       F      G
               +--------+--------+--------+--------+--------+-----+--------+
         Total |    405 |    405 |      0 |      0 |    345 |   1 |  405.0 |
       Dungeon |    405 |    405 |      0 |      0 |    345 |   1 |  405.0 |
               +--------+--------+--------+--------+--------+-----+--------+

Top non-repeatable levels by time:
     D:1: 405 daAuts

Table legend:
 A = Kills in this place as a percentage of kills in entire the game.
 B = Kills by you in this place as a percentage of kills by you in the entire game.
 C = Kills by friends in this place as a percentage of kills by friends in the entire game.
 D = Other kills in this place as a percentage of other kills in the entire game.
 E = Experience gained in this place as a percentage of experience gained in the entire game.
 F = Experience gained in this place divided by the number of levels of this place that you have seen.
                   A       B       C       D       E      F
               +-------+-------+-------+-------+-------+----------------------
         Total | 100.0 | 100.0 |   N/A |   N/A | 100.0 |  16.0
       Dungeon | 100.0 | 100.0 |   N/A |   N/A | 100.0 |  16.0
               +-------+-------+-------+-------+-------+----------------------
